 Dungeon Crawl Stone Soup version 0.31-a0-1-g4198be8af4 (webtiles) character file.

Game seed: 6030134801175479933

1774 Maxmaps the Magician (level 8, -8/56 HPs)
             Began as a Demonspawn Conjurer on May 2, 2023.
             Was an Initiate of Gozag.
             Killed from afar by an electric eel (15 damage)
             ... with a bolt of electricity
             ... on level 7 of the Dungeon.
             The game lasted 00:14:40 (5954 turns).

Maxmaps the Magician (Demonspawn Conjurer)          Turns: 5954, Time: 00:14:40

Health: -8/56      AC: 10    Str:  8    XL:     8   Next: 80%
Magic:  14/19      EV: 12    Int: 22    God:    Gozag
Gold:   486        SH:  0    Dex: 11    Spells: 16/22 levels left

rFire   . . .        (no weapon)
rCold   + . .        (no shield)
rNeg    . . .        a - +0 robe
rPois   .            (no helmet)
rElec   .            (no cloak)
rCorr   .            t - +0 pair of gloves of Love and Death {Regen+}
SInv    .            m - +2 pair of boots
Will    .....        (no amulet)
Stlth   ++           c - +4 ring of protection
HPRegen 1.09/turn    x - ring of protection from cold
MPRegen 0.32/turn

%: no passive effects
@: gold aura
A: claws 1, hooves 1, magic regeneration, weakness stinger 2
a: Renounce Religion, Potion Petition, Call Merchant, Bribe Branch


You were on level 7 of the Dungeon.
You worshipped Gozag.
Gozag was aware of your devotion.
You visited 1 branch of the dungeon, and saw 7 of its levels.

You collected 569 gold pieces.
You paid 83 gold pieces to Gozag.

Inventory:

Armour
 a - a +0 robe (worn)
 m - a +2 pair of boots (worn)
 t - the +0 pair of gloves of Love and Death (worn) {Regen+}
   (You found it on level 3 of the Dungeon)

   Regen:     It increases your rate of health regeneration.
Jewellery
 c - a +4 ring of protection (left hand)
 x - a ring of protection from cold (right hand)
 y - a ring of protection from fire
 C - a ring of willpower
Wands
 G - a wand of polymorph (9)
Scrolls
 d - 5 scrolls of identify {unknown}
 f - 3 scrolls of teleportation {unknown}
 g - a scroll of vulnerability {unknown}
 i - a scroll of blinking {unknown}
 k - 3 scrolls of magic mapping {unknown}
 o - a scroll of noise {unknown}
 s - a scroll of enchant armour {unknown}
 u - 2 scrolls of enchant weapon {unknown}
 v - a scroll of acquirement {unknown}
 w - a scroll of brand weapon {unknown}
 E - a scroll of poison {unknown}
 F - a scroll of amnesia {unknown}
Potions
 b - a potion of magic
 e - 2 potions of lignification {unknown}
 h - 3 potions of berserk rage {unknown}
 j - a potion of flight {unknown}
 l - 2 potions of heal wounds {unknown}
 n - a potion of degeneration {unknown}
 p - a potion of brilliance {unknown}
 q - a potion of mutation {unknown}
 r - 2 potions of might {unknown}
 z - 2 potions of curing {unknown}
 A - a potion of haste {unknown}
 B - a potion of cancellation {unknown}
 D - a potion of invisibility {unknown}


   Skills:
 - Level 2.1 Fighting
 - Level 1.7 Dodging
 - Level 1.7 Stealth
 + Level 7.5 Spellcasting
 - Level 4.0 Conjurations
 - Level 7.0 Earth Magic


You had 16 spell levels left.
You knew the following spells:

 Your Spells              Type           Power      Damage    Failure   Level
a - Magic Dart            Conj           100%       1d8       1%          1
b - Searing Ray           Conj           50%        2d6       2%          2
c - Stone Arrow           Conj/Erth      64%        3d11      2%          3

Your spell library contained the following spells:

 Spells                   Type           Power      Damage    Failure   Level
 Sandblast                Erth           78%        2d17      1%          1
 Passwall                 Tmut/Erth      19%        N/A       2%          2
 Beastly Appendage        Tmut           16%        N/A       8%          1
 Necrotise                Necr           32%        1d5       8%          1
 Slow                     Hex            32%        N/A       8%          1
 Dazzling Flash           Conj/Hex       34%        N/A       11%         3
 Wereblood                Tmut           8%         N/A       12%         2
 Confusing Touch          Hex            8%         N/A       24%         3
 Spider Form              Tmut/Pois      8%         N/A       24%         3
 Vampiric Draining        Necr           8%         2d6       24%         3
 Volatile Blastmotes      Fire/Tloc      16%        2d11      24%         3
 Fulminant Prism          Conj/Hex       8%         3d7       34%         4
 Iskenderun's Mystic Bla  Conj/Tloc      17%        2d5       34%         4
 Cause Fear               Hex            4%         N/A       61%         4
 Agony                    Necr           8%         N/A       91%         5
 Starburst                Conj/Fire      8%         6d4       99%         6
 Dragon Form              Tmut           4%         N/A       100%        7
 Dragon's Call            Summ           4%         N/A       100%        9


Dungeon Overview and Level Annotations

Branches:
Dungeon (7/15)             Temple (0/1) D:6

Altars:
Fedhas
Gozag
Kikubaaqudgha
Makhleb
Nemelex Xobeh
Qazlal
Wu Jian

Annotations:
D:3 2 transporters, Mickster's ghost, amateur HOBe
D:6 1 transporter, lunkers's ghost, novice MeFE


Innate Abilities, Weirdness & Mutations

You have sharp fingernails.
You have large cloven feet.
You regenerate magic rapidly.
You have a tail ending in a sharp stinger.


Message History

The bolt of electricity hits you! The bolt of electricity hits you.
The electric eel shoots out a bolt of lightning at you!
The bolt of electricity misses the electric eel.
The bolt of electricity hits you.
The electric eel shoots out a bolt of lightning at you!
The bolt of electricity hits you!
The electric eel shoots out a bolt of lightning at you!
The bolt of electricity hits you.
The electric eel shoots out a bolt of lightning at you!
The bolt of electricity misses the electric eel.
The bolt of electricity hits you.
Casting: Stone Arrow (dangerous; 2% risk of failure)
Confirm with . or Enter, or press ? or * to list all spells.
Aiming: Stone Arrow (dangerous; 2% risk of failure)
Press: ? - help, Shift-Dir - straight line, f - electric eel
Aim: an electric eel (57% to hit)
The stone arrow misses the electric eel.
The stone arrow hits the electric eel!
The electric eel is severely wounded.
An ice beast comes into view.
The electric eel shoots out a bolt of lightning at you!
The bolt of electricity hits you.
Casting: Stone Arrow (dangerous; 2% risk of failure)
Confirm with . or Enter, or press ? or * to list all spells.
Aiming: Stone Arrow (dangerous; 2% risk of failure)
Press: ? - help, Shift-Dir - straight line, f/p - electric eel
Aim: an electric eel (57% to hit)
The stone arrow hits the electric eel!!
You kill the electric eel!
You hear a splash.
The electric eel shoots out a bolt of lightning at you!
The bolt of electricity hits you!
* * * LOW HITPOINT WARNING * * *
Unknown command.
Unknown command.
The electric eel shoots out a bolt of lightning at you!
The bolt of electricity hits the plant!
The plant begins to die.
The bolt of electricity hits you!
You die...
Your body crumbles into a pile of gold.

##### ####.#.# #
#....#<#####.###
#.###...........
#.....#.........
#####..@.###.###
##.#.# # #.#.#
#..P..#
♣.$.♣...#
~..S.~...
~~Y♣~~.#
.~~~~~..# .~PS~
~...


You could see an electric eel.

Vanquished Creatures
  Pikel (D:4)
  A water moccasin (D:6)
  An ogre (D:5)
  A sky beast (D:6)
  A phantom (D:6)
  A centaur (D:6)
  2 lemures (D:4)
  3 scorpions
  A wight (D:6)
  An electric eel (D:7)
  A howler monkey (D:4)
  4 orc priests
  6 iguanas
  3 orc wizards
  7 gnolls
  5 adders
  2 shadow imps
  2 white imps
  2 worms
  3 dart slugs
  12 orcs
  7 endoplasms
  8 giant cockroaches
  4 hobgoblins
  8 jackals
  4 quokkas
  6 ball pythons
  2 bats (D:2)
  6 frilled lizards
  8 goblins
  3 kobolds
  5 rats
121 creatures vanquished.

Vanquished Creatures (others)
  11 plants (D:7)
  2 withered plants (D:6)
13 creatures vanquished.

Grand Total: 134 creatures vanquished

Notes
Turn   | Place    | Note
-------+----------+-------------------------------------------
     0 | D:1      | Maxmaps the Demonspawn Conjurer began the quest for the
                  | Orb.
     0 | D:1      | Reached XP level 1. HP: 13/13 MP: 3/3
   104 | D:1      | You fall into a shaft and drop 1 floor!
   119 | D:2      | Gained mutation: You regenerate magic rapidly. [demonic
                  | ancestry]
   119 | D:2      | Reached XP level 2. HP: 19/19 MP: 0/5
   344 | D:1      | Learned a level 2 spell: Searing Ray
   576 | D:1      | Discovered your monstrous ancestry.
   576 | D:1      | Gained mutation: You have sharp fingernails. [demonic
                  | ancestry]
   576 | D:1      | Reached XP level 3. HP: 24/24 MP: 3/7
  1205 | D:2      | Reached skill level 1 in Fighting
  1972 | D:3      | Identified the +0 pair of gloves of Love and Death {Regen+}
  2089 | D:3      | Found a transporter.
  2089 | D:3      | Noticed Mickster's ghost (amateur HOBe)
  2092 | D:3      | Found a transporter.
  2161 | D:3      | Found a stormy altar of Qazlal.
  2548 | D:4      | Reached XP level 4. HP: 33/33 MP: 3/9
  2584 | D:4      | Learned a level 3 spell: Stone Arrow
  2590 | D:4      | Reached skill level 1 in Earth Magic
  2788 | D:4      | Noticed a scorpion
  2798 | D:4      | Killed a scorpion
  2799 | D:4      | Gained mutation: You have large cloven feet. [demonic
                  | ancestry]
  2799 | D:4      | Reached XP level 5. HP: 33/38 MP: 0/10
  2975 | D:4      | Noticed a lemure
  2976 | D:4      | Noticed a lemure
  3022 | D:4      | Killed a lemure
  3054 | D:4      | Killed a lemure
  3158 | D:4      | Noticed Pikel
  3166 | D:4      | Noticed a lemure
  3169 | D:4      | Noticed a lemure
  3172 | D:4      | Killed Pikel
  3173 | D:4      | Gained mutation: You have a small tail. [demonic ancestry]
  3173 | D:4      | Reached XP level 6. HP: 37/44 MP: 1/11
  3173 | D:4      | Gained mutation: You have a tail ending in a sharp stinger.
                  | [demonic ancestry]
  3173 | D:4      | Reached XP level 7. HP: 42/50 MP: 1/12
  3300 | D:4      | Identified the -1 cloak of Pan-Flutes {rElec Dex+2}
  3565 | D:4      | Found an ornate altar of the Wu Jian Council.
  3572 | D:4      | Found a faded altar of an unknown god.
  3574 | D:4      | Found an opulent altar of Gozag.
  3577 | D:4      | Found a burning altar of Makhleb.
  3585 | D:4      | Became a worshipper of Gozag Ym Sagoz the Greedy
  3715 | D:5      | Entered Level 5 of the Dungeon
  4124 | D:5      | Reached XP level 8. HP: 56/56 MP: 2/14
  4385 | D:5      | Reached skill level 5 in Spellcasting
  4644 | D:5      | Found a sparkling altar of Nemelex Xobeh.
  5384 | D:6      | Found a staircase to the Ecumenical Temple.
  5446 | D:6      | Found an ancient bone altar of Kikubaaqudgha.
  5451 | D:6      | Found a blossoming altar of Fedhas.
  5684 | D:6      | Found a transporter.
  5686 | D:6      | Noticed lunkers's ghost (novice MeFE)
  5688 | D:6      | Identified the +2 dire flail of the End of Times {heavy,
                  | Drain rElec Str+2}
  5709 | D:6      | Noticed a manticore
  5954 | D:7      | Killed from afar by an electric eel

Illustrated notes

Levels and vault maps discovered:
D:1:      elethiomel_arrival_shortcut, layout_loops_ring,
          grunt_decor_mini_mirrors
D:2:      layout_loops_ring, kennysheep_decorative_pillar
D:3:      layout_basic, lemuel_round_altar, gammafunk_ghost_arena,
          corexii_hall_statues_u
D:4:      layout_loops_ring, chequers_temple_overflow_minitemple, uniq_pikel
D:5:      layout_basic, elyvilon_altar_5, nemelex_diamond_rough_becter,
          chequers_serial_rivers_large_a, kennysheep_generic_room_6
D:6:      hellmonk_destroyed_diamonds, layout_loops_ring,
          grunt_temple_overflow_growth_and_decay,
          minmay_temple_entry_enclosed_plants, gammafunk_ghost_smash,
          lightli_corner_chamber
D:7:      layout_loops_ring, slow_altar_2, serial_bayou, serial_bayou_pond_b,
          serial_bayou_shore_a, serial_bayou_shore_b, serial_bayou_crossing

Skill      XL: |  1  2  3  4  5  6  7  8 |
---------------+-------------------------+-----
Spellcasting   | 3 4 7 |  7.5
Fighting       | 2 |  2.1
Earth Magic    | 2 6 7 |  7.0
Dodging        | |  1.7
Stealth        | |  1.7
Conjurations   | |  4.0

Action                     |  1- 3 |  4- 6 |  7- 9 || total
---------------------------+-------+-------+-------++-------
  Melee: Unarmed           |    27 |    18 |       ||    45
   Cast: Magic Dart        |   108 |    42 |    57 ||   207
         Searing Ray       |       |     8 |     8 ||    16
         Stone Arrow       |       |       |    42 ||    42
   Stab: Sleeping          |       |     1 |       ||     1
 Armour: Robe              |    16 |    17 |    12 ||    45
  Dodge: Dodged            |    14 |    24 |    21 ||    59

Table legend: (Time is in decaauts)
 A = Elapsed time spent in this place.
 B = Non-inter-level travel time spent in this place.
 C = Inter-level travel time spent in this place.
 D = Time resting spent in this place.
 E = Time spent auto-exploring this place.
 F = Levels seen in this place.
 G = Mean time per level.
                   A        B        C        D        E       F      G
               +--------+--------+--------+--------+--------+-----+--------+
         Total |   5964 |   5817 |    147 |     88 |   4938 |   7 |  852.0 |
       Dungeon |   5964 |   5817 |    147 |     88 |   4938 |   7 |  852.0 |
               +--------+--------+--------+--------+--------+-----+--------+

Top non-repeatable levels by time:
     D:5: 1227 daAuts
     D:4: 1182 daAuts
     D:1: 963 daAuts
     D:6: 906 daAuts
     D:2: 792 daAuts
     D:3: 774 daAuts
     D:7: 117 daAuts
